 Dungeon Crawl Stone Soup version 0.31-a0-210-gccc998df9b (webtiles) character file.

Game seed: 4544582786902907744

10454 Conn the Arsonist (level 11, -18/62 (71) HPs)
             Began as an Octopode Fire Elementalist on June 30, 2023.
             Was an Elder of Sif Muna.
             Killed from afar by Nergalle (45 damage)
             ... with a bolt of negative energy
             ... on level 10 of the Dungeon.
             The game lasted 00:39:45 (13527 turns).

Conn the Arsonist (Octopode Fire Elementalist)     Turns: 13527, Time: 00:39:46

HP:   -18/62 (71)   AC:  1    Str:  7    XL:     11   Next: 62%
MP:   7/23          EV: 14    Int: 21    God:    Sif Muna [****..]
Gold: 173           SH:  5    Dex: 14    Spells: 15/27 levels left

rFire   . . .        a - +2 hand crossbow (freeze)
rCold   . . .        (no shield)
rNeg    . . .        (helmet restricted)
rPois   .            t - amulet of reflection
rElec   .            (no ring)
rCorr   .            (no ring)
SInv    .            (no ring)
Will    .....        (no ring)
Stlth   ++++         (no ring)
HPRegen 0.30/turn    (no ring)
MPRegen 0.18/turn    (no ring)
                     (no ring)

%: random rage (3%), reflection
@: channelling, heavily drained
A: almost no armour, amphibious, 8 rings, camouflage 1, gelatinous body 1,
(nimble swimmer 1), tentacles, berserk 1, mutation resistance 1, robust 1
a: Renounce Religion, Channel Magic, Forget Spell, Divine Exegesis


You were on level 10 of the Dungeon.
You worshipped Sif Muna.
Sif Muna was greatly pleased with you.
You visited 1 branch of the dungeon, and saw 10 of its levels.

You collected 563 gold pieces.
You spent 390 gold pieces at shops.

Inventory:

Hand Weapons
 a - a +2 hand crossbow of freezing (weapon)
 b - the +8 demon trident "Rift" {distort, reach+}
   (You found it on level 8 of the Dungeon)
 n - a +4 spectral quarterstaff
Missiles
 k - 7 curare-tipped darts (quivered)
 q - 3 throwing nets
Jewellery
 t - an amulet of reflection (around mantle)
Wands
 c - a wand of digging (11)
 A - a wand of paralysis (3)
 C - a wand of mindburst (9)
 E - a wand of iceblast (4)
Scrolls
 d - 5 scrolls of enchant armour
 e - 4 scrolls of immolation
 g - a scroll of fog
 h - 3 scrolls of teleportation
 l - 2 scrolls of silence
 p - 2 scrolls of revelation
 s - a scroll of brand weapon
 v - 2 scrolls of noise {unknown}
 w - 2 scrolls of blinking {unknown}
 x - a scroll of amnesia {unknown}
 y - a scroll of enchant weapon {unknown}
Potions
 f - 2 potions of mutation
 i - 2 potions of magic
 j - 3 potions of haste
 o - a potion of curing
 r - a potion of berserk rage {unknown}
 u - a potion of lignification {unknown}
 z - a potion of enlightenment {unknown}
 B - a potion of brilliance
 D - a potion of heal wounds
Miscellaneous
 m - a phial of floods


   Skills:
 + Level 2.5 Fighting
 + Level 0.5 Short Blades
 * Level 7.6 Ranged Weapons
 + Level 0.6 Throwing
 + Level 3.4 Dodging
 + Level 4.5 Stealth
 + Level 8.6 Spellcasting
 + Level 4.5 Conjurations
 + Level 2.1 Hexes
 + Level 3.4 Summonings
 + Level 8.6 Fire Magic
 * Level 8.0 Invocations


You had 15 spell levels left.
You knew the following spells:

 Your Spells              Type           Power      Damage    Failure   Level
a - Foxfire               Conj/Fire      100%       2x1d9     1%          1
b - Scorch                Fire           90%        2d9       1%          2
c - Inner Flame           Hex/Fire       31%        N/A       2%          3
d - Flame Wave            Conj/Fire      36%        2d10      4%          4
e - Summon Small Mammal   Summ           92%        N/A       1%          1
f - Slow                  Hex            72%        N/A       3%          1

Your spell library contained the following spells:

 Spells                   Type           Power      Damage    Failure   Level
 Volatile Blastmotes      Fire/Tloc      54%        2d14      3%          3
 Apportation              Tloc           18%        N/A       8%          1
 Necrotise                Necr           36%        1d5       8%          1
 Confusing Touch          Hex            18%        N/A       10%         3
 Tukima's Dance           Hex            18%        N/A       10%         3
 Lesser Beckoning         Tloc           18%        N/A       11%         2
 Wereblood                Tmut           9%         N/A       11%         2
 Gell's Gravitas          Tloc           9%         N/A       22%         3
 Spider Form              Tmut/Pois      9%         N/A       22%         3
 Teleport Other           Tloc           9%         N/A       22%         3
 Vampiric Draining        Necr           9%         2d6       22%         3
 Cause Fear               Hex            9%         N/A       30%         4
 Passage of Golubria      Tloc           9%         N/A       58%         4
 Yara's Violent Unravell  Hex/Tmut       6%         3d5       80%         5
 Alistair's Intoxication  Tmut/Pois      6%         N/A       90%         5
 Eringya's Noxious Bog    Tmut/Pois      4%         N/A       100%        6
 Dragon Form              Tmut           4%         N/A       100%        7
 Dragon's Call            Summ           11%        N/A       100%        9


Dungeon Overview and Level Annotations

Branches:
Dungeon (10/15)            Temple (0/1) D:4            Lair (0/5) D:8
    Orc (0/2) D:10

Altars:
Ashenzari
Cheibriados
Elyvilon
Fedhas
Gozag
Hepliaklqana
Kikubaaqudgha
Makhleb
Nemelex Xobeh
Okawaru
Qazlal
Ru
Sif Muna
Uskayaw
Vehumet
Wu Jian
Xom
Yredelemnul
The Shining One

Shops:
D:1 :   D:5 [   D:7 *

Annotations:
D:10 Nergalle


Innate Abilities, Weirdness & Mutations

You cannot wear most types of armour.
You are amphibious.
You can wear up to eight rings at the same time.
Your skin changes colour to match your surroundings (Stealth+).
Your rubbery body absorbs attacks. (AC +1, EV +1)
((You are camouflaged when in or above water. (Stealth+)))
You have tentacles for arms and can constrict up to eight enemies at once.
You sometimes lose your temper in combat.
You are somewhat resistant to further mutation.
You are robust. (+10% HP)


Message History

The flame wave engulfs Nergalle but does no damage.
Nergalle is heavily wounded. (Press . to intensify the flame waves.)
You block Nergalle's attack.
A wave of flame ripples out!
The flame wave engulfs Nergalle but does no damage.
Nergalle is heavily wounded.
Nergalle casts a spell at you. The bolt of negative energy hits you!!!
You feel drained.
Ouch! That really hurt!
Unknown command.
A wave of flame ripples out!
The flame wave engulfs Nergalle!
Nergalle is burned terribly!
Nergalle is severely wounded.
You finish channelling waves of flame.
Nergalle hits you with a +2 dagger of protection!
Unknown command.
Casting: Flame Wave (dangerous; 4% risk of failure)
Confirm with . or Enter, or press ? or * to list all spells.
You don't have enough magic to cast this spell.
Casting: Flame Wave (dangerous; 4% risk of failure)
Confirm with . or Enter, or press ? or * to list all spells.
Okay, then.
Unknown command.
Unknown command.
You feel better.
Nergalle hits you with a +2 dagger of protection.
Nergalle barely misses you.
Casting: Flame Wave (dangerous; 4% risk of failure)
Confirm with . or Enter, or press ? or * to list all spells.
Casting: Flame Wave (dangerous; 4% risk of failure)
Press: ? - help, Dir - look around, f - activate A wave of flame ripples out!
The flame wave engulfs Nergalle.
Nergalle is burned terribly!
Nergalle is severely wounded. (Press . to intensify the flame waves.) Nergalle casts a spell at you.
The bolt of negative energy hits you!!!
You feel drained.
Ouch! That really hurt!
You die...

#.....##................
#....##................
........................
# .....................
... #...........>.......
....##...........).......
.........)...............
..........).....###......
......##@.).......)......
..... #o|...............
........§..##)....)....##
......§.☼..##....##.)..##
......§§§........##)†....
. ................)......
.......####............
....#... #.....)......
....#.. ##...........


You could see Nergalle (combustible).

Vanquished Creatures
  A centaur warrior (D:7)
  An elephant (D:8)
  The ghost of flt the Changer, a novice DgTm (D:5)
  An unseen horror (D:7)
  A troll (D:10)
  5 hornets
  Sigmund (D:7)
  A shadow (D:10)
  2 basilisks
  8 yaks
  4 fire bats (D:8)
  A human (D:10)
  3 vampire mosquitoes (D:10)
  A steam dragon (D:7)
  A warg (D:10)
  A hell hound (D:8)
  2 water moccasins
  3 ice beasts
  3 orc warriors
  The ghost of pornopis the Trooper, an amateur MiFi (D:3)
  5 sky beasts
  An ogre (D:4)
  A centaur (D:5)
  A phantom (D:5)
  4 kobold brigands
  6 bullfrogs
  A gnoll sergeant (D:7)
  3 scorpions
  8 wights
  7 killer bees (D:9)
  4 howler monkeys
  2 lava snakes (D:8)
  2 hounds
  2 gnoll boudas
  9 orc priests
  A jelly (D:7)
  A sleepcap (D:7)
  11 orc wizards
  A statue (D:5)
  A mummy (D:4)
  24 gnolls
  10 adders
  A shadow imp (D:7)
  2 white imps
  3 ufetubi
  A worm (D:3)
  2 dart slugs
  44 orcs
  13 endoplasms
  3 giant cockroaches
  7 hobgoblins
  24 kobolds
  5 quokkas
  13 ball pythons
  4 bats
  9 frilled lizards
  8 goblins
  3 rats
  2 butterflies (D:10)
  3 fire vortices (D:8)
294 creatures vanquished.

Vanquished Creatures (collateral kills)
  9 foxfires
9 creatures vanquished.

Vanquished Creatures (others)
  A quokka (D:9)
  A kobold (D:9)
  453 foxfires
455 creatures vanquished.

Grand Total: 758 creatures vanquished

Notes
Turn   | Place    | Note
-------+----------+-------------------------------------------
     0 | D:1      | Conn the Octopode Fire Elementalist began the quest for the
                  | Orb.
     0 | D:1      | Reached XP level 1. HP: 11/11 MP: 3/3
   164 | D:1      | Reached XP level 2. HP: 14/17 MP: 0/5
   475 | D:1      | Reached XP level 3. HP: 20/21 MP: 3/6
   478 | D:1      | Learned a level 2 spell: Scorch
   482 | D:1      | Learned a level 3 spell: Inner Flame
   737 | D:1      | Found Ocroepn's Vocational Training.
  1325 | D:2      | Reached XP level 4. HP: 27/27 MP: 3/8
  2078 | D:3      | Found a sparkling altar of Nemelex Xobeh.
  2100 | D:3      | Found a shimmering blue altar of Sif Muna.
  2100 | D:3      | Found a basalt altar of Yredelemnul.
  2106 | D:3      | Became a worshipper of Sif Muna the Loreminder
  2171 | D:3      | Found a large runed translucent door.
  2172 | D:3      | Found a large runed translucent door.
  2174 | D:3      | Noticed pornopis's ghost (amateur MiFi)
  2205 | D:3      | Reached XP level 5. HP: 21/31 MP: 3/9
  2497 | D:3      | Found a burning altar of Makhleb.
  2500 | D:3      | Reached skill level 1 in Ranged Weapons
  2898 | D:3      | Found an iron altar of Okawaru.
  3245 | D:3      | Found a faded altar of an unknown god.
  3563 | D:3      | Killed pornopis's ghost
  3564 | D:3      | Reached XP level 6. HP: 36/36 MP: 0/11
  3790 | D:4      | Reached * piety under Sif Muna
  3964 | D:4      | Noticed Sigmund
  3971 | D:4      | Gained mutation: You are robust. (+10% HP) [potion of
                  | mutation]
  3971 | D:4      | Gained mutation: You sometimes lose your temper in combat.
                  | [potion of mutation]
  3971 | D:4      | Gained mutation: You are somewhat resistant to further
                  | mutation. [potion of mutation]
  4180 | D:4      | Found a staircase to the Ecumenical Temple.
  4368 | D:4      | Reached XP level 7. HP: 42/46 MP: 5/13
  4589 | D:4      | Noticed a +0 hand axe
  4590 | D:4      | Noticed a +0 dagger
  4591 | D:4      | Found a hide-covered altar of Uskayaw.
  4645 | D:4      | Found a snail-covered altar of Cheibriados.
  4781 | D:5      | Entered Level 5 of the Dungeon
  4787 | D:4      | Reached skill level 1 in Fighting
  4905 | D:4      | Learned a level 4 spell: Flame Wave
  4907 | D:4      | Learned a level 1 spell: Summon Small Mammal
  4912 | D:4      | HP: 1/47 [gnoll/+0 flail[a gnoll bouda] (10)]
  5092 | D:5      | Reached ** piety under Sif Muna
  5237 | D:5      | Reached skill level 1 in Invocations
  5502 | D:5      | Found a transporter.
  5502 | D:5      | Found Jokkie Soev's Antique Armour Shop.
  5536 | D:5      | Found a radiant altar of Vehumet.
  5545 | D:5      | Reached skill level 1 in Summonings
  5545 | D:5      | Reached XP level 8. HP: 49/52 MP: 15/15
  5602 | D:5      | Identified the +0 pair of boots "Ahakofe" {rC+ Slay+3}
  5648 | D:5      | Found a glowing golden altar of the Shining One.
  6029 | D:5      | Found a transporter.
  6313 | D:5      | Found a runed translucent door.
  6313 | D:5      | Noticed flt's ghost (novice DgTm)
  6334 | D:5      | Reached skill level 5 in Spellcasting
  6334 | D:5      | Reached skill level 5 in Fire Magic
  6335 | D:5      | Killed flt's ghost
  6552 | D:5      | Learned a level 1 spell: Slow
  6726 | D:6      | Reached XP level 9. HP: 59/59 MP: 17/17
  6876 | D:6      | Got Sif Muna's Grimoire of Configuration
  7087 | D:6      | Found an ornate altar of the Wu Jian Council.
  7351 | D:7      | Found a hazy altar of Hepliaklqana.
  7425 | D:7      | Reached skill level 5 in Ranged Weapons
  7567 | D:7      | Killed an unseen horror
  7698 | D:7      | Reached *** piety under Sif Muna
  8189 | D:7      | Reached XP level 10. HP: 46/66 MP: 10/20
  8209 | D:7      | Reached skill level 5 in Invocations
  8373 | D:7      | Reached skill level 1 in Hexes
  8571 | D:7      | Noticed a centaur warrior
  8583 | D:7      | Killed a centaur warrior
  8726 | D:7      | Identified the +2 scale mail of the Catamount {Int+3}
  8826 | D:7      | Found an opulent altar of Gozag.
  8890 | D:7      | Paralysed by a hornet for 2 turns
  9044 | D:7      | Found Liqeenyzu's Neck Hole.
  9070 | D:7      | Bought an amulet of reflection for 390 gold pieces
  9294 | D:7      | Found an ancient bone altar of Kikubaaqudgha.
  9400 | D:7      | Killed Sigmund
  9496 | D:8      | Found a staircase to the Lair.
  9496 | D:8      | Noticed an elephant
  9512 | D:8      | Killed an elephant
 10089 | D:8      | Reached **** piety under Sif Muna
 10207 | D:8      | Found a stormy altar of Qazlal.
 10357 | D:8      | Found a broken altar of Ashenzari.
 10553 | D:8      | Found the +8 demon trident "Rift" {distort, reach+}
 10612 | D:8      | Saw a vision of the Shoals and the Snake Pit.
 10612 | D:8      | Noticed a naga mage
 10612 | D:8      | Noticed a naga sharpshooter
 10612 | D:8      | Noticed a merfolk impaler
 10612 | D:8      | Noticed a sea snake
 10612 | D:8      | Noticed a manticore
 10612 | D:8      | Noticed a manticore
 10612 | D:8      | Noticed a naga mage
 10613 | D:8      | Noticed a sea snake
 10614 | D:8      | Noticed a black mamba
 10614 | D:8      | Noticed a mana viper
 11006 | D:8      | Reached XP level 11. HP: 70/70 MP: 23/23
 11030 | D:8      | HP: 2/70 [fire bat (5)]
 11399 | D:9      | Found a blossoming altar of Fedhas.
 12497 | D:9      | Found a white marble altar of Elyvilon.
 12826 | D:10     | Entered Level 10 of the Dungeon
 12827 | D:10     | Found a shimmering altar of Xom.
 12910 | D:10     | Noticed Nergalle
 13007 | D:10     | Found a sacrificial altar of Ru.
 13283 | D:10     | Found a staircase to the Orcish Mines.
 13294 | D:10     | Reached ***** piety under Sif Muna
 13295 | D:10     | Received a gift from Sif Muna
 13527 | D:10     | Killed from afar by Nergalle

Illustrated notes

Levels and vault maps discovered:
D:1:      dpeg_arrival_rhombus, layout_loops_ring, nicolae_shop_vocational
D:2:      kennysheep_big_flooded_room, layout_basic
D:3:      minmay_angry_zag, layout_loops_ring, mainiacjoe_overflow_24_doors,
          mainiacjoe_overflow_small_starburst,
          chequers_temple_overflow_statue_of_worship, okawaru_metal_pillars_1_2,
          serial_co_window_serial, co_window_paths_a, co_window_paths_a,
          co_window_paths_a, co_window_corner_a, co_window_corner_a,
          co_window_of_opportunity_c, co_window_cross_4, co_window_corner_b,
          co_window_4corner_a, co_window_4corner_b, ebering_ghost_disaster_area,
          shapermc_ecumenical_altar_gd, minmay_misc_feat_alley
D:4:      layout_loops_ring, dancing_weapons_uskayaw, slow_altar_2,
          minmay_temple_entry_statues, uniq_sigmund
D:5:      layout_loops_ring, vehumet_statue, tso_oasis_becter,
          ebering_ghost_inner_flame, serial_shops, nicolae_shop_drivethru
D:6:      layout_rooms, nicolae_wu_jian_wuxing_cycle, minmay_hedge_maze
D:7:      nzn_winding_woodlands_cross [nzn_winding_woodlands_5x15_concentric,
          nzn_winding_woodlands_5x15_jagged,
          nzn_winding_woodlands_5x15_sidewinder,
          nzn_winding_woodlands_5x15_parted,
          nzn_winding_woodlands_15x15_boxy_spiral], layout_loops_corners,
          worldfamousw_hep_ancestral_shrine, kiku_gazebo_pond_becter,
          mainiacjoe_overflow_boulevard, nicolae_shop_sticking_my_neck_out
D:8:      layout_loops_ring, grunt_ashenzari_visionary
          [grunt_ashenzari_visionary_shoals, grunt_ashenzari_visionary_snake],
          lemuel_doored_altar, david_lair_generic, hangedman_incinerator
D:9:      layout_irregular_city, elyvilon_altar_4, fedhas_altar_2
D:10:     layout_cave_pools, xom_butterflies, hangedman_ru_absence,
          nicolae_dithmenos_through_a_glass_darkly, bloody_trog, erik_orc_4,
          gammafunk_ghost_necromancy, uniq_nergalle

Skill      XL: |  1  2  3  4  5  6  7  8  9 10 11 |
---------------+----------------------------------+-----
Stealth        | 3 4 |  4.5
Spellcasting   | 3 4 5 7 8 |  8.6
Conjurations   | 2 3 4 |  4.5
Ranged Weapons | 1 2 4 5 6 7 |  7.6
Fire Magic     | 4 5 6 8 |  8.6
Fighting       | 1 2 |  2.5
Invocations    | 1 3 4 6 8 |  8.0
Summonings     | 1 2 3 |  3.4
Hexes          | 1 2 |  2.1
Dodging        | 3 |  3.4
Short Blades   | |  0.5
Throwing       | |  0.6

Action                     |  1- 3 |  4- 6 |  7- 9 | 10-12 || total
---------------------------+-------+-------+-------+-------++-------
  Melee: Dagger            |    28 |       |       |       ||    28
         Tentacles         |     8 |       |       |       ||     8
         Constrict         |     9 |       |       |       ||     9
         Unarmed           |     1 |       |       |       ||     1
         Hand crossbow     |       |       |     1 |       ||     1
   Fire: Hand crossbow     |     7 |    37 |    56 |    53 ||   153
  Throw: Dart              |       |     3 |     3 |     7 ||    13
   Cast: Foxfire           |    37 |    63 |    59 |   115 ||   274
         Scorch            |     2 |    19 |    66 |    61 ||   148
         Inner Flame       |       |     3 |     8 |    20 ||    31
         Summon Small Mamm |       |       |     3 |    22 ||    25
         Flame Wave        |       |       |     4 |    24 ||    28
         Slow              |       |       |       |     1 ||     1
 Invoke: Channel Magic     |       |       |       |     2 ||     2
  Evoke: Wand              |       |       |       |     2 ||     2
    Use: Potion            |       |     5 |     3 |     2 ||    10
         Scroll            |       |       |     7 |     1 ||     8
   Stab: Sleeping          |     9 |       |       |       ||     9
 Armour: Skin              |     2 |     1 |     5 |     1 ||     9
  Dodge: Dodged            |    15 |    20 |    56 |    52 ||   143
  Block: Other             |       |       |       |    16 ||    16
         Reflection        |       |       |       |     1 ||     1

Table legend: (Time is in decaauts)
 A = Elapsed time spent in this place.
 B = Non-inter-level travel time spent in this place.
 C = Inter-level travel time spent in this place.
 D = Time resting spent in this place.
 E = Time spent auto-exploring this place.
 F = Levels seen in this place.
 G = Mean time per level.
                   A        B        C        D        E       F      G
               +--------+--------+--------+--------+--------+-----+--------+
         Total |  13612 |  13319 |    293 |    977 |   9520 |  10 | 1361.2 |
       Dungeon |  13612 |  13319 |    293 |    977 |   9520 |  10 | 1361.2 |
               +--------+--------+--------+--------+--------+-----+--------+

Top non-repeatable levels by time:
     D:7: 2289 daAuts
     D:3: 1856 daAuts
     D:8: 1680 daAuts
     D:9: 1577 daAuts
     D:5: 1399 daAuts
     D:4: 1354 daAuts
     D:2: 1150 daAuts
     D:6: 876 daAuts
     D:1: 843 daAuts
    D:10: 584 daAuts
